 Dungeon Crawl Stone Soup version 0.16.2-12-gd0ad4c3 (webtiles) character file.

212181 magipi the Severer (level 18, -1/143 (149) HPs)
             Began as a Ghoul Gladiator on Mar 20, 2016.
             Was the Champion of Makhleb.
             Splashed by an acid blob's acid (2 damage)
             ... on level 6 of the Pits of Slime on Mar 21, 2016.
             The game lasted 04:30:48 (29634 turns).

magipi the Severer (Ghoul Gladiator)               Turns: 29634, Time: 04:30:48

HP:   -1/143 (149)  AC: 11    Str: 26    XL:     18   Next: 40%
MP:   10/10         EV: 14    Int:  7    God:    Makhleb [******]
Gold: 839           SH:  0    Dex: 13    Spells: 3 memorised, 8 levels left

rFire  . . .     SeeInvis .     a - +7 battleaxe (antimagic)
rCold  + + .     Clarity  .     W - +3 plate armour of Modesty {rElec Stlth+}
rNeg   + + +     SustAb   +     (no shield)
rPois  ∞         Gourm    .     w - +2 hat {MR+}
rElec  +         Spirit   .     L - +1 cloak
rCorr  +         Warding  .     X - +2 pair of gloves "Miazusis" {rCorr Dex+2}
rMut   .         Stasis   .     y - +2 pair of boots {Fly}
MR     ++...                    (no amulet)
Stlth  ..........               o - ring of sustain abilities
                                c - ring of protection from cold

@: mighty, corroded equipment, flying, rotting, very resistant to hostile
enchantments, extremely unstealthy
A: rotting body, claws 1, carnivore 3, cold resistance 1, negative energy
resistance 3, poison resistance, slow healing 1, torment resistance, unbreathing
a: Minor Destruction, Lesser Servant of Makhleb, Major Destruction, Greater
Servant of Makhleb, Renounce Religion, Stop Flying
}: 2/15 runes: barnacled, gossamer


You were on level 6 of the Pits of Slime.
You worshipped Makhleb.
Makhleb was exalted by your worship.
You were not hungry.

You visited 6 branches of the dungeon, and saw 42 of its levels.
You visited 1 bazaar.
You also visited: Bailey.

You collected 3282 gold pieces.
You spent 2443 gold pieces at shops.

Inventory:

Hand weapons
 a - a +7 antimagic battleaxe (weapon)
 b - a +0 blowgun
 p - a +1 battleaxe of protection
Missiles
 d - 10 throwing nets (quivered)
 e - 130 poisoned needles
 x - 13 javelins of returning
 G - 11 curare-tipped needles
Armour
 w - a +2 hat of magic resistance (worn)
 y - a +2 pair of boots of flying (worn)
 L - a +1 cloak (worn)
 W - the +3 plate armour of Modesty (worn) {rElec Stlth+}
   (You found it on level 5 of the Lair of Beasts)

   It insulates you from electricity.
   It makes you more stealthy.
 X - the +2 pair of gloves "Miazusis" (worn) {rCorr Dex+2}
   (You bought it in a shop on level 2 of the Shoals)

   It affects your dexterity (+2).
   It protects you from acid and corrosion.
Jewellery
 c - a ring of protection from cold (left hand)
 o - a ring of sustain abilities (right hand)
Magical devices
 h - a wand of polymorph (16)
 i - a wand of cold (1)
 m - a wand of disintegration (10)
 n - a wand of invisibility (3)
 B - a wand of fire (0)
 E - a wand of paralysis (5)
 I - a wand of digging (8)
 K - a wand of invisibility (4)
 P - a wand of confusion (10)
 S - a wand of fireball (0)
 T - a wand of enslavement (15)
 V - a wand of fire (2)
Scrolls
 g - a scroll of enchant armour
 j - a scroll of teleportation
 l - 7 scrolls of fog
 q - 4 scrolls of blinking
 s - 2 scrolls of recharging
 v - 11 scrolls of remove curse
 z - a scroll of fear
 C - a scroll of summoning
 D - 3 scrolls of torment
 F - a scroll of identify
 M - 2 scrolls of silence
 N - a scroll of magic mapping
 Z - a scroll of acquirement
Potions
 f - a potion of invisibility
 t - 3 potions of curing
 u - 3 potions of might
 A - a potion of restore abilities
 H - 2 potions of agility
 J - 4 potions of magic
 Q - a potion of haste
Books
 R - an Akashic Record {highlevel}

   This book is beyond your current level of understanding.

   Spells                             Type                      Level
   a - Dispersal                      Translocation                6
   b - Controlled Blink               Translocation                7
   c - Malign Gateway                 Summoning/Translocation      7
   d - Disjunction                    Translocation                8
   e - Singularity                    Translocation                9
Miscellaneous
 O - a fan of gales
 U - a phantom mirror
Comestibles
 r - 16 meat rations


   Skills:
 - Level 10.7 Fighting
 + Level 15.8 Axes
 - Level 8.0 Throwing
 + Level 14.0 Armour
 + Level 12.7 Dodging
 - Level 11.2 Invocations
 - Level 10.3 Evocations


You had 8 spell levels left.
You knew the following spells:

 Your Spells              Type           Power        Failure   Level  Hunger
c - Control Teleport      Chrm/Tloc      #.........   100%        4    #####..
f - Flight                Chrm/Air       #.........   100%        3    ####...
m - Repel Missiles        Chrm/Air       #.....       100%        2    ###....


Dungeon Overview and Level Annotations

Branches:
Dungeon (14/15)            Temple (0/1) D:7            Lair (8/8) D:8
 Shoals (5/5) Lair:5       Spider (5/5) Lair:6        Slime (6/6) Lair:6
    Orc (4/4) D:11            Elf (0/3) Orc:4
 Vaults: D:13-14

Altars:
Cheibriados
Gozag
Kikubaaqudgha
Makhleb
Qazlal
Sif Muna
Xom
Zin
The Shining One
Beogh
Jiyva

Shops:
D:11 ?   Orc:1 *   Orc:2 [   Orc:4 :}([   Shoals:2 [   Shoals:5 [

Annotations:
D:6 Blork the orc
D:7 Amnesiac's ghost, experienced DEEn
Lair:4 exclusion: oklob plant
Shoals:5 Ilsuiw
Slime:6 Royal Jelly


Innate Abilities, Weirdness & Mutations

Your body is rotting away.
You thrive on raw meat.
You have sharp fingernails.
You are carnivorous and can eat meat at any time.
Your flesh is cold resistant.
You are immune to negative energy.
Your system is resistant to poisons.
You heal slowly when monsters are visible.
You are immune to unholy pain and torment.
You can survive without breathing.

Vault maps used:
D:1:      dpeg_arrival_solitude
D:2:      serial_forest, infiniplex_forest_clump_cross, infiniplex_forest_end_1,
          infiniplex_forest_clump_long, infiniplex_forest_lined_room_2,
          infiniplex_forest_clump_small, infiniplex_forest_clump_double,
          infiniplex_forest_diagonal, infiniplex_forest_corner_1,
          infiniplex_forest_corner_1, first_bread, led_sif_pool
D:3:      old_standard_altar, nicolae_qazlal_eye_of_the_storm,
          makhleb_blood_cavern_becter, gammafunk_temple_overflow_elements
D:5:      serial_glass, glass_columns_a, glass_columns_b, uniq_iyjb
D:6:      forest_paths, uniq_blork_the_orc
D:7:      lemuel_coloured_pillars_altar, minmay_temple_entry_purple_smoke,
          grunt_ogre_cave
D:8:      nicolae_tso_besieged_by_evil, david_lair_shrubbed, xom_confusion_cloud
D:9:      serial_shops, shop, uniq_gastronok
D:10:     grunt_gozag_breadcrumbs
D:11:     serial_shops, shop, minivault_8
D:12:     stair_cage_line, hangedman_decor_opposing
D:13:     serial_shops, bzr_entry_islet, enter_bailey_3, basic_altar
D:14:     lightli_vaults_fourway_checkpoint, elyvilon_altar_4,
          trove_entry_hex_spiral, grunt_dithmenos_shadows, uniq_erica,
          uniq_maud, uniq_urug
Lair:2:   nicolae_quartered_pool_super, st_stairs_8
Lair:3:   serial_bayou_pond_e, bh_autumn_forest_stairs, lemuel_fruit_fields,
          uniq_harold
Lair:4:   nicolae_lair_grove_arrangements, minivault_23
Lair:5:   minmay_shoals_entry_beasts, nicolae_spider_entry_tight_spaces
Lair:6:   dummy_spider_entry, slime_altar_1, st_stairs_9, lemuel_fruit_tree,
          infiniplex_staircase_pool_2
Lair:8:   guppyfry_lair_end_dragon, wormcave, serial_bayou_shore_a,
          serial_bayou_shore_b
Shoals:1: yaktaur_hedge, uniq_nikola
Shoals:2: nicolae_shoals_c_island, uniq_nessos
Shoals:3: hangedman_shoal_octodias
Shoals:5: serial_shops, nicolae_shop_crystal, shoals_end_simple,
          shoals_ilsuiw_alternative
Spider:2: guppyfry_spider_mini_1
Spider:4: uniq_norris
Spider:5: guppyfry_spider_rune
Orc:1:    serial_shops, shop
Orc:2:    basic_altar, serial_shops, nicolae_shop_stone, uniq_eustachio
Orc:3:    nicolae_orc_pool_cavern, uniq_erolcha, uniq_sonja, uniq_donald
Orc:4:    grunt_orc_community_town_hall, grunt_orc_community_big_house_2,
          grunt_orc_community_big_house_1, grunt_orc_community_house_3,
          grunt_orc_community_house_1, grunt_orc_community_house_1,
          grunt_orc_community_house_1, grunt_orc_community_house_1, elf_legates
Bazaar:   bazaar_short_row
Bailey:   bailey_axe_2, bailey


Message History

You swing at nothing.
You swing at nothing.
You swing at nothing.
You swing at nothing.
You swing at nothing.
You swing at nothing.
You swing at nothing.
You swing at nothing.
You swing at nothing.
You swing at nothing.
You swing at nothing.
You swing at nothing.
You swing at nothing.
You swing at nothing.
You swing at nothing.
You swing at nothing.
You swing at nothing.
You swing at nothing.
You swing at nothing.
You swing at nothing.
You swing at nothing.
You swing at nothing.
You swing at nothing.
You swing at nothing.
You swing at nothing.
You swing at nothing.
You swing at nothing.
You swing at nothing.
You swing at nothing.
You swing at nothing.
You swing at nothing.
You swing at nothing.
You swing at nothing.
You swing at nothing.
You swing at nothing.
You swing at nothing.
You swing at nothing.
You swing at nothing.
You swing at nothing.
You swing at nothing.
You swing at nothing.
You swing at nothing.
You swing at nothing.
You swing at nothing.
You swing at nothing.
You swing at nothing.
You swing at nothing.
You swing at nothing.
You swing at nothing.
You swing at nothing.
You feel magic leave you.
a - a +7 antimagic battleaxe (weapon)
There is a stone staircase leading down here.
You fly downwards.
Level annotation: Royal Jelly You sense a powerful magical force warping space.
There is a stone staircase leading up here.
An acid blob comes into view.
The acid blob quivers.
The acid blob spits acid at you. The splash of acid hits you!
The acid burns!
You resist. The acid blob spits acid at you. The splash of acid hits you!
The acid corrodes your equipment!
The acid burns!
You resist. The acid blob spits acid at you. The splash of acid hits you!
You resist.
The acid burns!
You resist. The acid blob hits you!!
You are splashed with acid!
The acid corrodes your equipment!
The acid burns!
You resist.
You slash the acid blob!
The acid blob is lightly wounded.
The acid blob hits you!
You are splashed with acid!
The acid corrodes your equipment!
The acid burns!
You resist.
You slice the acid blob!!
The acid blob is heavily wounded.
The acid blob hits you!!
You are splashed with acid!
The acid corrodes your equipment!
The acid burns!
You resist.
* * * LOW HITPOINT WARNING * * *
You slash the acid blob!
The acid blob is heavily wounded.
The acid blob hits you!!
* * * LOW HITPOINT WARNING * * *
You are splashed with acid!
The acid burns!
You resist.
* * * LOW HITPOINT WARNING * * *
Drink which item? (? for menu, Esc to quit)
You feel very mighty all of a sudden. The acid blob spits acid at you.
The splash of acid hits you! You resist.
* * * LOW HITPOINT WARNING * * *
The acid burns!
You resist.
* * * LOW HITPOINT WARNING * * *
The acid blob spits acid at you. The splash of acid hits you! You resist.
* * * LOW HITPOINT WARNING * * *
The acid burns!
You resist.
* * * LOW HITPOINT WARNING * * *
Drink which item? (? for menu, Esc to quit)
You feel better. The acid blob hits you!
* * * LOW HITPOINT WARNING * * *
You are splashed with acid!
The acid burns!
You resist.
You die...

....# ## ....# ... ....#
##.... ..... ##......
..... # ##........ . #.
##..........
####.####............
.......................
.......J@...............
.........................
........................
........................
........................
...............<....###
................####
................#
.............#


You could see an acid blob.

Table legend:
 A = Kills in this place as a percentage of kills in entire the game.
 B = Kills by you in this place as a percentage of kills by you in the entire game.
 C = Kills by friends in this place as a percentage of kills by friends in the entire game.
 D = Other kills in this place as a percentage of other kills in the entire game.
 E = Experience gained in this place as a percentage of experience gained in the entire game.
 F = Experience gained in this place divided by the number of levels of this place that you have seen.
                   A       B       C       D       E      F
               +-------+-------+-------+-------+-------+----------------------
         Total | 100.0 | 100.0 | 100.0 | 100.0 | 100.0 | 6203.5
       Dungeon |  26.7 |  28.8 |   8.3 |   0.0 |   6.9 | 1353.8
          Lair |  20.3 |  21.0 |  14.3 |   0.0 |  18.2 | 6199.5
        Shoals |  13.3 |  11.6 |  27.1 | 100.0 |  28.7 | 15673.2
   Spider Nest |  13.9 |  14.3 |  10.5 |   0.0 |  24.6 | 13421.8
    Slime Pits |   6.9 |   7.6 |   0.8 |   0.0 |  17.0 | 7743.5
  Orcish Mines |  18.5 |  16.1 |  39.1 |   0.0 |   4.6 | 3114.8
        Bailey |   0.4 |   0.4 |   0.0 |   0.0 |   0.0 |   9.0
               +-------+-------+-------+-------+-------+----------------------

Vanquished Creatures
  Norris (Spider:4)
  A quicksilver dragon (Shoals:3)
  5 acid blobs
  2 ghost moths
  9 azure jellies
  An orc warlord (Orc:4)
  3 emperor scorpions (Spider:5)
  Gastronok (D:9)
  A death ooze (Slime:6)
  4 merfolk javelineers (Shoals:5)
  7 merfolk impalers
  4 great orbs of eyes
  2 hydras (Lair:6)
  2 merfolk avatars (Shoals:5)
  2 alligator snapping turtles (Shoals:5)
  2 merfolk aquamancers (Shoals:2)
  2 satyrs
  3 death yaks (Lair:6)
  9 sea snakes
  2 unseen horrors
  A lindwurm (Lair:8)
  9 harpies
  3 hill giants
  3 cyclopes
  27 wolf spiders
  10 orb spiders
  10 hornets
  An orc knight (Orc:4)
  13 griffons
  An ugly thing (D:12)
  3 manticores
  10 fauns
  An orc sorcerer (Orc:3)
  6 water nymphs
  2 moths of wrath
  4 shining eyes
  2 black mambas (Lair:5)
  9 sirens
  20 elephants
  A drowned soul (Shoals:3)
  A torpor snail (Lair:5)
  10 spiny frogs
  A yaktaur (Shoals:1)
  A gargoyle (D:11)
  7 demonic crawlers
  31 merfolk
  7 komodo dragons
  4 fire drakes
  A polar bear (Lair:5)
  4 blink frogs
  2 boulder beetles
  13 jumping spiders
  2 snapping turtles
  45 slime creatures
  30 redbacks
  12 trapdoor spiders
  A two-headed ogre (D:13)
  6 water elementals
  5 basilisks
  23 tarantellas
  43 yaks
  Eustachio (Orc:2)
  3 hungry ghosts
  A wyvern (D:10)
  5 wolves
  2 steam dragons (Lair:8)
  12 hippogriffs
  3 golden eyes
  2 mottled dragons (Lair:8)
  11 porcupines
  5 wargs
  14 water moccasins
  A sky beast (D:8)
  2 soldier ants
  A black bear (D:12)
  26 spiders
  A necrophage (D:7)
  10 ogres
  23 orc warriors
  5 ice beasts
  4 wasps (Spider:5)
  3 phantoms
  3 eyes of draining
  A boring beetle (Lair:4)
  5 centaurs
  12 crocodiles
  18 giant frogs
  A big kobold (D:9)
  A gnoll sergeant (D:9)
  22 jellies
  3 scorpions
  A wyvern skeleton (D:12)
  8 wights (D:11)
  4 killer bees (D:11)
  3 quasits
  11 hounds
  3 crimson imps
  30 orc priests
  A giant frog skeleton (D:10)
  12 iguanas
  6 centaur skeletons
  11 worker ants
  30 orc wizards
  Ijyb (D:5)
  22 sheep
  A hound zombie (D:5)
  A worker ant zombie (D:5)
  39 river rats
  15 adders
  16 gnolls
  7 shadow imps
  A white imp (D:8)
  A worm (D:5)
  3 giant mites
  An adder zombie (D:7)
  2 giant geckos
  An ooze (D:3)
  172 orcs
  2 ball pythons
  19 bats
  A bat skeleton (D:6)
  5 giant cockroaches
  16 hobgoblins
  16 jackals
  22 kobolds
  19 quokkas
  A ball python skeleton (D:6)
  A giant gecko skeleton (D:5)
  4 giant newts
  22 goblins
  2 hobgoblin zombies (D:8)
  A jackal skeleton (D:8)
  A kobold skeleton (D:8)
  A kobold zombie (D:8)
  An orc skeleton (D:8)
  11 rats
  7 fungi
  2 plants
1206 creatures vanquished.

Vanquished Creatures (collateral kills)
  Nikola (Shoals:1)
  Donald (Orc:3)
  An orc warlord (Orc:4)
  2 emperor scorpions (Spider:5)
  A fire dragon (Lair:8)
  A great orb of eyes (Slime:6)
  3 merfolk impalers
  Harold (Lair:3)
  2 hydras
  2 merfolk avatars
  A merfolk aquamancer (Shoals:5)
  An orc high priest (Orc:4)
  A satyr (Shoals:5)
  Erolcha (Orc:3)
  A sea snake (Shoals:5)
  3 orc sorcerers (Orc:4)
  2 orb spiders (Spider:5)
  6 fauns (Shoals:5)
  A hornet (Spider:5)
  2 wolf spiders
  3 griffons
  A water nymph (Shoals:5)
  A harpy (Shoals:5)
  A cyclops (Shoals:4)
  4 manticores
  2 sirens
  An orange demon (Lair:5)
  A komodo dragon (D:8)
  A demonic crawler (Spider:5)
  2 deep elf priests (Orc:4)
  7 merfolk (Shoals:5)
  A troll (Orc:4)
  2 jumping spiders
  A wind drake (Shoals:5)
  2 snapping turtles
  A trapdoor spider (Spider:4)
  A basilisk (Lair:8)
  2 redbacks (Spider:4)
  A tarantella (Spider:5)
  2 deep elf fighters (Orc:4)
  4 wolves (Lair:3)
  2 steam dragons
  2 hippogriffs
  A mottled dragon (Lair:8)
  5 orc warriors (Orc:4)
  4 ogres
  A crocodile (Lair:5)
  5 orc priests
  5 orc wizards (Orc:4)
  2 iguanas
  A worker ant (D:10)
  A sheep (Shoals:4)
  A gnoll (D:8)
  23 orcs
  2 goblins (Orc:4)
  A hobgoblin (Orc:4)
  3 quokkas
  2 plants (Shoals:4)
136 creatures vanquished.

Vanquished Creatures (others)
  2 cacodemons
  A balrug (Spider:5)
  3 green deaths
  3 blizzard demons
  A water nymph (Shoals:1)
  3 drowned souls
  A smoke demon (D:12)
  A hellwing (Lair:5)
  A slime creature (Slime:6)
  A merfolk (Shoals:1)
  A ynoxinul (D:13)
  An eye of draining (Slime:6)
  An ogre (D:8)
  A centaur (Shoals:1)
  2 big kobolds (D:8)
  A jelly (Slime:6)
  A hound (D:8)
  An orc wizard (D:8)
  An adder (Lair:8)
  A giant spore (D:8)
  A ballistomycete (D:8)
  5 fungi
  8 plants
42 creatures vanquished.

Grand Total: 1384 creatures vanquished

Notes
Turn   | Place    | Note
--------------------------------------------------------------
     0 | D:1      | magipi, the Ghoul Gladiator, began the quest for the Orb.
     0 | D:1      | Reached XP level 1. HP: 17/17 MP: 1/1
   109 | D:1      | Reached skill level 3 in Axes
   134 | D:1      | Reached XP level 2. HP: 17/23 MP: 2/2
   626 | D:1      | Reached XP level 3. HP: 25/29 MP: 3/3
   745 | D:2      | Found a deep blue altar of Sif Muna.
   898 | D:2      | Reached skill level 4 in Axes
  1166 | D:2      | Reached XP level 4. HP: 21/35 MP: 3/3
  1543 | D:2      | Reached skill level 5 in Axes
  1543 | D:2      | Reached XP level 5. HP: 33/41 MP: 4/4
  1633 | D:3      | Found a snail-covered altar of Cheibriados.
  1633 | D:3      | Found an opulent altar of Gozag.
  1733 | D:3      | Found a stormy altar of Qazlal.
  1803 | D:3      | Found a glowing silver altar of Zin.
  1939 | D:3      | Found a burning altar of Makhleb.
  1950 | D:3      | Became a worshipper of Makhleb the Destroyer
  2090 | D:4      | Noticed a phantom
  2096 | D:4      | Reached skill level 6 in Axes
  2096 | D:4      | Reached XP level 6. HP: 29/48 MP: 5/5
  2234 | D:5      | Entered Level 5 of the Dungeon
  2234 | D:5      | Noticed Ijyb
  2248 | D:5      | Killed Ijyb
  2294 | D:5      | Acquired Makhleb's first power
  2647 | D:5      | Reached skill level 7 in Axes
  2647 | D:5      | Reached XP level 7. HP: 37/55 MP: 5/5
  3152 | D:6      | Noticed Blork the orc
  3288 | D:6      | Acquired Makhleb's second power
  3370 | D:6      | Reached skill level 1 in Evocations
  3520 | D:7      | Found a staircase to the Ecumenical Temple.
  3544 | D:7      | Reached skill level 8 in Axes
  3544 | D:7      | Reached XP level 8. HP: 55/61 MP: 6/9
  4102 | D:7      | Noticed Amnesiac's ghost (experienced DEEn)
  4158 | D:7      | Reached skill level 9 in Axes
  4181 | D:7      | Acquired Makhleb's third power
  4253 | D:7      | Reached skill level 5 in Evocations
  4347 | D:7      | Reached XP level 9. HP: 56/67 MP: 15/15
  4439 | D:7      | Reached skill level 1 in Invocations
  4655 | D:8      | Found a staircase to the Lair.
  4656 | D:8      | Noticed a komodo dragon
  4950 | D:8      | Found a shimmering altar of Xom.
  4959 | D:8      | Found a glowing golden altar of the Shining One.
  5020 | D:8      | Acquired Makhleb's fourth power
  5969 | D:9      | Noticed Gastronok
  6112 | D:10     | Entered Level 10 of the Dungeon
  6130 | D:10     | Reached skill level 10 in Axes
  6365 | D:9      | Killed Gastronok
  6365 | D:9      | Reached skill level 5 in Invocations
  6365 | D:9      | Reached XP level 10. HP: 73/73 MP: 17/19
  6457 | D:9      | Acquired Makhleb's fifth power
  6921 | D:10     | Noticed a hill giant
  6955 | D:10     | Killed a hill giant
  7054 | D:10     | Found an opulent altar of Gozag.
  7792 | D:11     | Noticed a molten gargoyle
  7795 | D:11     | Noticed a molten gargoyle
  8003 | D:12     | Noticed a manticore
  8108 | D:11     | Reached XP level 11. HP: 71/79 MP: 21/21
  8361 | D:11     | Noticed a molten gargoyle
  8583 | D:13     | Reached skill level 5 in Armour
  8710 | D:13     | Found a flickering gateway to a bazaar.
  8746 | Bazaar   | Entered a bazaar
  8760 | Bazaar   | Found Ducvenar's Book Shoppe.
  8794 | Bazaar   | Found Movuf's Antique Weapon Shoppe.
  8794 | Bazaar   | Found Luiwaal's Gadget Emporium.
  8805 | Bazaar   | Bought a runed battleaxe for 201 gold pieces
  8945 | D:13     | Found a flagged portal.
  8961 | Bailey   | Entered a bailey
  9021 | D:13     | Found an ancient bone altar of Kikubaaqudgha.
  9043 | D:12     | Noticed a white ugly thing
  9057 | D:12     | Killed a white ugly thing
  9088 | D:12     | Killed a manticore
  9515 | D:8      | Killed a komodo dragon
  9765 | Lair:1   | Entered Level 1 of the Lair of Beasts
 10275 | Lair:3   | Noticed a five-headed hydra
 10741 | Lair:3   | Noticed Harold
 10748 | Lair:3   | Killed Harold
 10748 | Lair:3   | Reached skill level 10 in Evocations
 10794 | Lair:3   | Killed a five-headed hydra
 10920 | Lair:3   | Reached XP level 12. HP: 78/85 MP: 8/24
 11444 | Lair:4   | Reached skill level 10 in Invocations
 12021 | Lair:5   | Noticed a five-headed hydra
 12113 | Lair:5   | Reached skill level 5 in Fighting
 12421 | Lair:5   | Found a hole to the Spider Nest.
 12488 | Lair:6   | Found a hole to the Spider Nest.
 12640 | Lair:5   | Found a staircase to the Shoals.
 12646 | Lair:5   | Reached skill level 11 in Invocations
 12843 | Lair:6   | Noticed a death yak
 12843 | Lair:6   | Noticed a death yak
 12844 | Lair:6   | Noticed a death yak
 12923 | Lair:6   | Noticed a six-headed hydra
 12931 | Lair:6   | Killed a six-headed hydra
 12931 | Lair:6   | Reached XP level 13. HP: 104/104 MP: 8/26
 12998 | Lair:6   | Found a viscous altar of Jiyva.
 12998 | Lair:6   | Found a staircase to the Slime Pits.
 13046 | Lair:6   | Noticed an eight-headed hydra
 13079 | Lair:6   | Killed an eight-headed hydra
 13686 | Lair:8   | Entered Level 8 of the Lair of Beasts
 13992 | Lair:8   | Reached skill level 12 in Axes
 14272 | Lair:5   | Noticed an eight-headed hydra
 14282 | Lair:5   | Killed an eight-headed hydra
 14300 | Lair:5   | Got a heavily runed plate armour
 14313 | Lair:5   | Identified the +3 plate armour of Modesty {rElec Stlth+} (You found it on level 5 of the Lair of Beasts)
 14882 | Lair:1   | Reached skill level 10 in Fighting
 15121 | D:11     | Found Ucahep's Magic Scroll Shoppe.
 15124 | D:11     | Bought a scroll of acquirement for 780 gold pieces
 15171 | D:11     | Found a staircase to the Orcish Mines.
 15183 | Orc:1    | Entered Level 1 of the Orcish Mines
 15189 | Orc:1    | Found Mukimaug's Assorted Antiques.
 15222 | Orc:1    | Bought a brass wand for 76 gold pieces
 15592 | Orc:2    | Found an ancient bone altar of Kikubaaqudgha.
 15652 | Orc:2    | Found Khiak's Armour Shop.
 15660 | Orc:2    | Bought a +0 pair of boots of stealth for 149 gold pieces
 15660 | Orc:2    | Noticed Eustachio
 15676 | Orc:2    | Killed Eustachio
 15799 | Orc:3    | Noticed Erolcha
 15805 | Orc:3    | Killed Erolcha
 15861 | Orc:3    | Noticed Donald
 15866 | Orc:3    | Killed Donald
 15924 | Orc:4    | Entered Level 4 of the Orcish Mines
 16098 | Orc:2    | Reached XP level 14. HP: 117/120 MP: 9/27
 16508 | Orc:4    | Found a roughly hewn altar of Beogh.
 16638 | Orc:4    | Noticed an orc warlord
 16646 | Orc:4    | Killed an orc warlord
 16824 | Orc:4    | Got a twisted chain mail
 16838 | Orc:4    | Identified the +0 chain mail of Ammoh {rC- Str+5} (You took it off an orc on level 4 of the Orcish Mines)
 16967 | Orc:4    | Found a staircase to the Elven Halls.
 17008 | Orc:4    | Found a roughly hewn altar of Beogh.
 17045 | Orc:4    | Found a roughly hewn altar of Beogh.
 17238 | Orc:4    | Noticed an orc warlord
 17272 | Orc:4    | Killed an orc warlord
 17272 | Orc:4    | Reached skill level 13 in Axes
 17342 | Orc:4    | Found Majaaqah's Antique Weapon Boutique.
 17342 | Orc:4    | Found a roughly hewn altar of Beogh.
 17346 | Orc:4    | Found Phoratt's Antique Armour Shop.
 17351 | Orc:4    | Bought a pair of embroidered boots for 108 gold pieces
 17610 | Orc:4    | Found a roughly hewn altar of Beogh.
 17636 | Orc:4    | Found Boicvoep's Book Boutique.
 17690 | Orc:4    | Found a roughly hewn altar of Beogh.
 17690 | Orc:4    | Found Craycwa's Gadget Shop.
 17700 | Orc:4    | Bought a wand of disintegration (10) for 196 gold pieces
 17844 | Orc:1    | Bought a scroll of identify for 38 gold pieces
 17844 | Orc:1    | Bought a scroll of identify for 38 gold pieces
 17844 | Orc:1    | Bought a scroll of teleportation for 57 gold pieces
 17844 | Orc:1    | Bought a scroll of blinking for 142 gold pieces
 17844 | Orc:1    | Bought a scroll labeled FAUSHR ICUAMA for 19 gold pieces
 17844 | Orc:1    | Bought a scroll of fog for 38 gold pieces
 17964 | D:12     | Killed an unseen horror
 18264 | D:13     | Noticed a hill giant
 18302 | D:13     | Killed a hill giant
 18380 | D:13     | Noticed a hill giant
 18399 | D:13     | Killed a hill giant
 19318 | Lair:8   | Reached skill level 5 in Dodging
 19787 | Spider:1 | Entered Level 1 of the Spider Nest
 19913 | Spider:1 | You fall through a shaft!
 20134 | Spider:2 | Noticed an emperor scorpion
 20558 | Spider:1 | Reached XP level 15. HP: 127/127 MP: 9/28
 20814 | Spider:1 | Learned a level 2 spell: Repel Missiles
 20818 | Spider:1 | Learned a level 3 spell: Flight
 21029 | Spider:2 | Reached skill level 14 in Axes
 21459 | Spider:3 | Learned a level 4 spell: Control Teleport
 21897 | Spider:4 | Reached skill level 10 in Armour
 22157 | Spider:4 | Noticed Norris
 22186 | Spider:4 | Killed Norris
 22186 | Spider:4 | Reached skill level 5 in Throwing
 22230 | Spider:5 | Entered Level 5 of the Spider Nest
 23224 | Spider:5 | Reached XP level 16. HP: 70/136 MP: 5/28
 23846 | Spider:5 | Got a gossamer rune of Zot
 24202 | Shoals:1 | Entered Level 1 of the Shoals
 24217 | Shoals:1 | Noticed Nikola
 24243 | Shoals:1 | Killed Nikola
 24851 | Shoals:1 | Reached skill level 10 in Dodging
 25372 | Shoals:2 | Found Legaz's Antique Armour Shop.
 25393 | Shoals:2 | Bought a pair of glowing gloves for 193 gold pieces
 25393 | Shoals:2 | Bought a pair of polished gloves for 408 gold pieces
 25394 | Shoals:2 | Identified the +2 pair of gloves "Miazusis" {rCorr Dex+2} (You bought it in a shop on level 2 of the Shoals)
 25532 | Shoals:2 | Noticed Nessos
 25535 | Shoals:2 | Noticed Nessos
 25535 | Shoals:2 | Nessos changed into Nessos the sea snake
 25543 | Shoals:2 | Killed Nessos the sea snake
 25556 | Shoals:2 | Got a fine brass ring
 25558 | Shoals:2 | Identified the cursed ring of Mistrust {rPois MR+ Str-4 Int-3} (You found it on level 2 of the Shoals)
 26195 | Shoals:3 | Noticed an octopode crusher
 26200 | Shoals:3 | Noticed a quicksilver dragon
 26200 | Shoals:3 | an octopode crusher changed into a quicksilver dragon
 26212 | Shoals:3 | Killed a quicksilver dragon
 26713 | Shoals:4 | Reached XP level 17. HP: 118/141 MP: 9/29
 26770 | Shoals:5 | Entered Level 5 of the Shoals
 27797 | Shoals:5 | Found Shacweasm's Antique Armour Emporium.
 28008 | Shoals:5 | Reached skill level 15 in Axes
 28038 | Shoals:5 | Noticed Ilsuiw
 28272 | Shoals:5 | Got a barnacled rune of Zot
 28459 | Lair:6   | Killed a death yak
 28479 | Lair:6   | Killed a death yak
 28491 | Lair:6   | Killed a death yak
 28673 | Slime:1  | Entered Level 1 of the Pits of Slime
 28876 | Slime:5  | Paralysed by a great orb of eyes for 2 turns
 28882 | Slime:5  | Reached XP level 18. HP: 98/146 MP: 0/30
 28995 | Slime:6  | Entered Level 6 of the Pits of Slime
 29157 | Slime:6  | Noticed the royal jelly
 29633 | Slime:6  | HP: 6/143 [acid blob/splash of acid (6)]
 29633 | Slime:6  | HP: 2/143 [acid (4)]
 29634 | Slime:6  | Splashed by an acid blob's acid

Action                   |  1- 3 |  4- 6 |  7- 9 | 10-12 | 13-15 | 16-18 || total
-------------------------+-------+-------+-------+-------+-------+-------++-------
Melee: War axe           |   101 |   272 |   692 |   424 |       |       ||  1489
       Battleaxe         |       |       |       |   599 |  1634 |  1309 ||  3542
 Fire: Blowgun           |       |       |    58 |    35 |    95 |    21 ||   209
Throw: Throwing net      |     2 |       |     7 |     1 |     1 |     9 ||    20
       Javelin           |       |       |       |     1 |       |     6 ||     7
Invok: Lesser Servant of |       |       |       |     3 |     6 |       ||     9
       Greater Servant o |       |       |       |     3 |    11 |    11 ||    25
 Abil: Stop Flying       |       |       |       |       |     1 |     1 ||     2
       Evoke Flight      |       |       |       |       |       |     2 ||     2
Evoke: Wand              |       |       |       |    12 |    29 |    22 ||    63
  Use: Potion            |       |     2 |     2 |     6 |     4 |    12 ||    26
       Scroll            |       |       |    13 |    20 |    25 |    16 ||    74
 Stab: Held in net/web   |       |       |     4 |       |     1 |     5 ||    10
       Confused          |       |       |       |       |       |     2 ||     2
       Paralysed         |       |       |       |       |       |     4 ||     4
       Distracted        |       |       |       |       |       |     2 ||     2
  Eat: Chunk             |    13 |    29 |    57 |   110 |   162 |    97 ||   468
       Beef jerky        |       |       |       |       |       |     1 ||     1

Action                   |  1- 3 |  4- 6 |  7- 9 | 10-12 | 13-15 | 16-18 || total
-------------------------+-------+-------+-------+-------+-------+-------++-------
Melee: War axe           |   101 |   272 |   692 |   424 |       |       ||  1489
       Battleaxe         |       |       |       |   599 |  1634 |  1309 ||  3542
 Fire: Blowgun           |       |       |    58 |    35 |    95 |    21 ||   209
Throw: Throwing net      |     2 |       |     7 |     1 |     1 |     9 ||    20
       Javelin           |       |       |       |     1 |       |     6 ||     7
Invok: Lesser Servant of |       |       |       |     3 |     6 |       ||     9
       Greater Servant o |       |       |       |     3 |    11 |    11 ||    25
 Abil: Stop Flying       |       |       |       |       |     1 |     1 ||     2
       Evoke Flight      |       |       |       |       |       |     2 ||     2
Evoke: Wand              |       |       |       |    12 |    29 |    22 ||    63
  Use: Potion            |       |     2 |     2 |     6 |     4 |    12 ||    26
       Scroll            |       |       |    13 |    20 |    25 |    16 ||    74
 Stab: Held in net/web   |       |       |     4 |       |     1 |     5 ||    10
       Confused          |       |       |       |       |       |     2 ||     2
       Paralysed         |       |       |       |       |       |     4 ||     4
       Distracted        |       |       |       |       |       |     2 ||     2
  Eat: Chunk             |    13 |    29 |    57 |   110 |   162 |    97 ||   468
       Beef jerky        |       |       |       |       |       |     1 ||     1

Action                   |  1- 3 |  4- 6 |  7- 9 | 10-12 | 13-15 | 16-18 || total
-------------------------+-------+-------+-------+-------+-------+-------++-------
Melee: War axe           |   101 |   272 |   692 |   424 |       |       ||  1489
       Battleaxe         |       |       |       |   599 |  1634 |  1309 ||  3542
 Fire: Blowgun           |       |       |    58 |    35 |    95 |    21 ||   209
Throw: Throwing net      |     2 |       |     7 |     1 |     1 |     9 ||    20
       Javelin           |       |       |       |     1 |       |     6 ||     7
Invok: Lesser Servant of |       |       |       |     3 |     6 |       ||     9
       Greater Servant o |       |       |       |     3 |    11 |    11 ||    25
 Abil: Stop Flying       |       |       |       |       |     1 |     1 ||     2
       Evoke Flight      |       |       |       |       |       |     2 ||     2
Evoke: Wand              |       |       |       |    12 |    29 |    22 ||    63
  Use: Potion            |       |     2 |     2 |     6 |     4 |    12 ||    26
       Scroll            |       |       |    13 |    20 |    25 |    16 ||    74
 Stab: Held in net/web   |       |       |     4 |       |     1 |     5 ||    10
       Confused          |       |       |       |       |       |     2 ||     2
       Paralysed         |       |       |       |       |       |     4 ||     4
       Distracted        |       |       |       |       |       |     2 ||     2
  Eat: Chunk             |    13 |    29 |    57 |   110 |   162 |    97 ||   468
       Beef jerky        |       |       |       |       |       |     1 ||     1
